Map: Frozen Temple

Players

Miszu

  • Race: Terran Terran
  • League: Master

Miniraser - Winner!

  • Race: Zerg Zerg
  • League: Grandmaster

VOD

Have the link to the VOD?

Description

Time

  • Played on: April 9, 2016, 3:50 p.m.
  • Length: 12:04
Show
View Real Time Build Order
Export as new Build Order

Miszu Terran 

Build Orders: Reaper Expand 

Get SALT Encoding   

  12  0:00  SCV  
  13  0:12  SCV  
  14  0:18  Supply Depot  
  14  0:24  SCV  
  15  0:39  SCV  
  15  0:40  Barracks  
  16  0:43  Refinery  
  16  0:51  SCV  
  17  1:03  SCV  
  18  1:16  SCV  
  19  1:28  Reaper, Orbital Command  
  20  1:40  Command Center  
  20  1:51  Supply Depot  
  20  1:53  SCV  
  21  2:00  Marine  
  22  2:05  SCV  
  23  2:10  Factory  
  23  2:14  Refinery  
  23  2:22  Barracks Reactor  
  23  2:23  SCV  
  24  2:40  SCV  
  23  2:53  SCV  
  22  3:00  Starport  
  22  3:01  Hellion  
  22  3:02  Command Center  
  25  3:05  SCV  
  25  3:09  Marine x2  
  27  3:15  Supply Depot  
  27  3:17  SCV  
  28  3:31  Marine x2  
  28  3:32  Hellion  
  24  3:41  SCV  
  24  3:46  Supply Depot  
  20  3:53  SCV  
  20  3:57  Starport Tech Lab  
  20  4:05  SCV  
  21  4:13  Orbital Command  
  21  4:18  SCV  
  21  4:20  Cloaking Field  
  21  4:22  Banshee  
  25  4:30  SCV  
  26  4:43  Hellion x2  
  30  4:46  SCV  
  31  4:54  Armory  
  31  4:58  SCV  
  31  4:59  Orbital Command  
  32  5:10  SCV  
  27  5:22  SCV  
  27  5:24  Banshee  
  27  5:25  Hellion  
  27  5:27  Hellion  
  35  5:29  SCV  
  35  5:34  SCV  
  37  5:41  SCV  
  38  5:47  SCV  
  39  5:51  Widow Mine x2  
  39  5:53  SCV  
  44  5:59  SCV  
  45  6:05  SCV  
  45  6:07  Bunker  
  45  6:08  Supply Depot  
  45  6:11  SCV  
  47  6:17  SCV  
  47  6:19  Widow Mine  
  47  6:20  Widow Mine  
  47  6:23  SCV  
  48  6:46  SCV x2  
  41  6:47  Banshee  
  42  6:56  Hellion  
  42  6:58  SCV  
  42  6:59  SCV  
  40  7:19  Hellion x2, SCV  
  42  7:28  SCV  
  43  7:31  SCV  
  44  7:42  SCV  
  45  7:46  SCV  
  45  7:47  Command Center  
  46  7:54  SCV  
  46  7:58  SCV  
  48  8:03  Supply Depot  
  48  8:06  SCV  
  48  8:10  SCV  
  50  8:18  SCV  
  51  8:22  SCV  
  51  8:24  Engineering Bay, Starport  
  51  8:25  Starport  
  52  8:33  SCV  
  53  8:38  SCV  
  58  8:46  SCV  
  58  8:47  Liberator x2  
  59  8:50  SCV  
  53  8:58  SCV  
  53  9:02  SCV  
  55  9:05  Orbital Command  
  55  9:06  Liberator  
  58  9:10  SCV  
  58  9:14  SCV  
  58  9:16  Liberator  
  59  9:21  Refinery x2  
  59  9:22  SCV  
  63  9:26  SCV  
  63  9:30  Liberator  
  64  9:32  Terran Ship Weapons Level 1  
  64  9:34  SCV  
  68  9:38  SCV  
  68  9:41  SCV  
  68  9:45  Liberator  
  68  9:46  SCV  
  68  9:51  SCV  
  73  9:53  SCV  
  73  9:58  SCV  
  71  10:02  Missile Turret  
  71  10:03  SCV  
  71  10:05  SCV  
  71  10:10  SCV  
  69  10:15  SCV  
  69  10:17  SCV  
  69  10:26  SCV  
  70  10:35  Liberator  
  70  10:40  SCV x2  
  70  10:42  Missile Turret, Orbital Command  
  69  10:48  Starport Tech Lab x2  
  69  10:52  SCV x2  
  69  10:54  Factory Reactor  
  72  11:04  SCV x2  
  72  11:10  SCV  
  75  11:16  SCV x2  
  77  11:35  Supply Depot x2  
  77  11:36  SCV x2  
  77  11:39  Refinery  
  85  11:40  Refinery  
  85  11:46  Starport x2  
  85  11:47  SCV  
  85  11:51  SCV x2  
Show
View Real Time Build Order
Export as new Build Order

Miniraser Zerg - Winner!

Build Orders: Pool First 

Get SALT Encoding   

  12  0:02  Drone  
  13  0:08  Drone  
  14  0:16  Extractor  
  14  0:17  Drone  
  14  0:34  Spawning Pool  
  13  0:37  Drone  
  14  0:43  Extractor, Drone  
  15  0:51  Overlord  
  15  1:21  Metabolic Boost, Zergling x6  
  15  1:25  Queen  
  20  1:31  Zergling x2  
  21  1:44  Zergling x2  
  22  1:57  Hatchery  
  21  2:02  Evolution Chamber  
  21  2:05  Zergling x2  
  21  2:10  Zergling x2  
  22  2:21  Overlord  
  22  2:40  Zergling x8  
  23  3:02  Zergling x4  
  25  3:07  Queen  
  25  3:08  Overlord  
  27  3:15  Drone x3  
  30  3:33  Drone x4  
  30  3:41  Drone x2  
  30  3:43  Drone  
  28  3:50  Drone x2  
  29  4:09  Drone x4  
  33  4:12  Queen  
  35  4:23  Zergling x12  
  41  4:31  Overlord  
  41  4:36  Roach Warren  
  40  4:38  Overlord  
  40  4:40  Drone  
  41  4:49  Drone x3  
  44  4:56  Drone x4  
  48  5:01  Drone x3  
  48  5:04  Extractor  
  45  5:23  Roach x7  
  45  5:24  Roach  
  60  5:29  Overlord  
  60  5:37  Baneling Nest  
  57  5:43  Spore Crawler  
  57  5:47  Spore Crawler  
  52  5:51  Zergling x12  
  55  5:58  Zergling x2  
  55  5:59  Zergling x2  
  55  6:22  Ravager  
  53  6:29  Zergling x18  
  57  6:36  Lair  
  57  6:39  Ravager  
  56  6:42  Drone x2  
  52  6:53  Drone x2  
  47  7:02  Drone x2  
  47  7:08  Queen  
  41  7:17  Extractor  
  41  7:18  Drone x6  
  41  7:19  Drone x2  
  46  7:25  Extractor  
  45  7:37  Spire  
  45  7:38  Drone, Hatchery  
  44  7:49  Zergling x4  
  44  7:51  Overseer  
  46  7:52  Drone x4  
  46  7:55  Drone  
  51  8:02  Hatchery  
  51  8:09  Queen  
  49  8:13  Queen  
  49  8:19  Zergling x8  
  52  8:31  Drone x2  
  52  8:32  Drone  
  50  8:50  Spore Crawler  
  50  8:55  Mutalisk x6  
  49  9:02  Drone x3  
  64  9:05  Drone  
  63  9:19  Overseer  
  63  9:20  Mutalisk  
  63  9:23  Glial Reconstitution  
  65  9:32  Hatchery  
  64  9:42  Overlord  
  64  9:58  Roach x2  
  64  9:59  Overlord  
  68  10:07  Overlord  
  68  10:15  Roach  
  68  10:16  Roach x3  
  76  10:22  Overlord  
  76  10:30  Roach x2  
  82  10:42  Roach  
  82  10:43  Roach x2  
  82  10:44  Queen  
  88  10:53  Roach  
  88  10:54  Roach x4  
  98  10:57  Overseer  
  98  10:58  Pneumatized Carapace  
  98  11:03  Overlord x2  
  98  11:12  Hatchery  
  95  11:19  Overlord  
  95  11:21  Hydralisk Den  
  95  11:23  Mutalisk x4  
  96  11:33  Ravager x4  
  96  11:34  Ravager  
  96  11:35  Drone x3  
Tags
 
Add a new tag
Caveats
  • Supply blocks, unpowered buildings, or Contaminate may cause inaccurate times.
  • Supply counts are checked every 10 seconds.